 Dungeon Crawl Stone Soup version 0.23-a0-860-g8ff03fb (webtiles) character file.

69 MalarOregon the Poker (level 4, -1/37 HPs)
             Began as a Merfolk Abyssal Knight on Jan 27, 2019.
             Was a Follower of Lugonu.
             Slain by an adder (4 damage)
             ... on level 2 of the Dungeon.
             The game lasted 00:05:04 (1022 turns).

MalarOregon the Poker (Merfolk Abyssal Knight)      Turns: 1022, Time: 00:05:04

Health: -1/37      AC:  3    Str: 12    XL:     4   Next: 20%
Magic:  6/6        EV: 12    Int: 12    God:    Lugonu [*.....]
Gold:   46         SH:  0    Dex: 13    Spells: 3/3 levels left

rFire    + . .     SeeInvis .   a - +1 spear
rCold    + . .     Gourm    .   (no shield)
rNeg     . . .     Faith    .   b - +0 leather armour
rPois    +         Spirit   .   (no helmet)
rElec    .         Reflect  .   (no cloak)
rCorr    .         Harm     .   (no gloves)
MR       .....                  (no boots)
Stlth    ++........             (no amulet)
HPRegen  0.12/turn              g - ring of flight
MPRegen  0.10/turn              (no ring)

@: lethally poisoned (-1 -> -4)
A: change form in water, swift swim, stealthy swim, camouflage 1, cold
resistance 1, fire resistance 1, poison resistance
a: Depart the Abyss, Renounce Religion, Evoke Flight


You were on level 2 of the Dungeon.
You worshipped Lugonu.
Lugonu was aware of your devotion.
You were not hungry.

You visited 1 branch of the dungeon, and saw 2 of its levels.
You visited the Abyss 1 time.

You collected 46 gold pieces.

Inventory:

Hand Weapons
 a - a +1 spear (weapon)
Armour
 b - a +0 leather armour (worn)
Jewellery
 g - a ring of flight (left hand)
   (You found it on level 1 of the Dungeon)
Scrolls
 c - 2 scrolls of identify {unknown}
 d - a scroll of teleportation {unknown}
 f - a scroll of amnesia {unknown}
 h - a scroll of random uselessness {unknown}
 j - a scroll of remove curse {unknown}
 m - a scroll of enchant armour {unknown}
Potions
 i - a potion of berserk rage {unknown}
Comestibles
 e - 3 rations {!d}
 k - 7 chunks of flesh


   Skills:
 + Level 3.9 Fighting
 * Level 4.9 Polearms
 - Level 0.6 Armour
 - Level 2.6 Dodging
 + Level 2.8 Invocations


You had 3 spell levels left.
You didn't know any spells.
Your spell library was empty.

Dungeon Overview and Level Annotations

Branches:
Dungeon (2/15)

Altars:


Innate Abilities, Weirdness & Mutations

You revert to your normal form in water You are very nimble and swift while swimming.
You are very stealthy in the water. (Stealth+)
Your skin changes colour to match your surroundings (Stealth+).
Your flesh is cold resistant. (rC+)
Your flesh is heat resistant. (rF+)
Your system is resistant to poisons. (rPois)


Message History

k - 4 chunks of flesh (gained 2)
Found a stone staircase leading down.
l - a fuming orange potion;
m - a scroll labeled NOINUJA EPSEO
Things that are here:
a +0 spear; 33 stones; a gnoll corpse You butcher the gnoll corpse.
k - 7 chunks of flesh (gained 3)
Things that are here:
a +0 spear; 33 stones; a gnoll skeleton
Things that are here:
a +0 spear; 33 stones; a gnoll skeleton An adder comes into view.
The adder hisses angrily.
A centaur zombie comes into view.
A kobold comes into view.
Attack whom?
Aim: an adder You reach to attack!
You hit the adder. You closely miss the adder. The adder bites you.
You are poisoned.
The adder poisons you!
You closely miss the adder.
You feel sick. The adder bites you but does no damage.
The adder barely misses you.
You closely miss the adder. The centaur zombie hits you.
The adder barely misses you.
You barely miss the adder.
You feel sick. The centaur zombie hits you. The adder barely misses you.
You barely miss the adder. The centaur zombie closely misses you.
The adder bites you.
You are more poisoned.
The adder poisons you!
You feel sick. The centaur zombie closely misses you.
You feel sick. The centaur zombie hits you.
* * * LOW HITPOINT WARNING * * *
The adder barely misses you.
You feel sick. The adder bites you.
* * * LOW HITPOINT WARNING * * *
The centaur zombie hits you.
* * * LOW HITPOINT WARNING * * *
You feel sick. The adder barely misses you.
You feel sick.
You hit the adder.
You feel sick. The adder misses you.
You miss the adder. The adder bites you.
* * * LOW HITPOINT WARNING * * *
It was a potion of mutation.
You feel extremely strange.
You feel resistant to poisons.
Your skin functions as natural camouflage.
You feel resistant to heat.
You feel resistant to cold.
* * * LOW HITPOINT WARNING * * *
You feel sick. The adder bites you.
You die...

#......#######
##.#.#.#.#.#.#.#.#
#................K
#########.#.#.#.#.#.#.#.#
####...........(.........
..##.......#)#.#.#>#.#.#.#
..†'............Z..........
..##.......#.#.#S#.#.#.#.#.#
####........##.#@##..##### .
#........##.#.# ..#
#(.....(.# #.# .# #......[.#
#.# # #.......## #.#
##.......# .#.#
#........###.#.#
###............#.#
..................


You could see an adder and a centaur zombie.

Vanquished Creatures
  An adder (D:2)
  3 gnolls (D:2)
  2 dart slugs (D:1)
  2 leopard geckos
  3 bats
  2 giant cockroaches
  2 goblins
  2 hobgoblins
  3 frilled lizards
  6 kobolds
  A rat (D:1)
27 creatures vanquished.

Notes
Turn   | Place    | Note
-------+----------+-------------------------------------------
     0 | Abyss:1  | MalarOregon the Merfolk Abyssal Knight began the quest for
                  | the Orb.
     0 | Abyss:1  | Reached XP level 1. HP: 18/18 MP: 2/2
     0 | Abyss:1  | Found a corrupted altar of Lugonu.
    29 | Abyss:1  | Noticed a quasit
    30 | D:1      | Escaped the Abyss
   113 | D:1      | Reached XP level 2. HP: 23/24 MP: 3/3
   129 | D:1      | Reached * piety under Lugonu
   316 | D:1      | Reached skill level 4 in Polearms
   513 | D:2      | Reached XP level 3. HP: 24/30 MP: 4/4
   927 | D:2      | Reached XP level 4. HP: 35/37 MP: 6/6
  1022 | D:2      | Gained mutation: Your system is resistant to poisons.
                  | (rPois) [potion of mutation]
  1022 | D:2      | Gained mutation: Your skin changes colour to match your
                  | surroundings (Stealth+). [potion of mutation]
  1022 | D:2      | Gained mutation: Your flesh is heat resistant. (rF+)
                  | [potion of mutation]
  1022 | D:2      | Gained mutation: Your flesh is cold resistant. (rC+)
                  | [potion of mutation]
  1022 | D:2      | Slain by an adder

Vault maps used:
D:1:      psy_arrival_terrarium
D:2:      minmay_razor_zed, grunt_decor_one_mirror, st_stairs_12, uniq_jessica,
          uniq_robin

Skill      XL: |  1  2 |
---------------+-------+-----
Polearms       | 4 |  4.9
Fighting       | |  3.9
Armour         | |  0.6
Dodging        | |  2.6
Invocations    | |  2.8

Action                   |  1- 3 |  4- 6 || total
-------------------------+-------+-------++-------
Melee: Spear             |    86 |    25 ||   111
Invok: Depart the Abyss  |     1 |       ||     1
  Use: Potion            |       |     1 ||     1
Armor: Leather armour    |    16 |     6 ||    22
Dodge: Dodged            |    38 |    19 ||    57

Table legend:
 A = Non-vault XP
 B = Vault XP
 C = Vault XP percentage of total XP
 D = Non-vault monster count
 E = Vault monster count
 F = Vault count percentage of total count
                 A         B        C        D         E       F
            +---------+---------+-------+---------+---------+-------
      Total |      97 |       2 |   2.0 |      26 |       1 |   3.7
            +---------+---------+-------+---------+---------+-------
        D:1 |      29 |       0 |   0.0 |      15 |       0 |   0.0
        D:2 |      68 |       2 |   2.9 |      11 |       1 |   8.3
            +---------+---------+-------+---------+---------+-------
